 Dungeon Crawl Stone Soup version 0.19.1 (webtiles) character file.

2319 Jesseh the Cleaver (level 9, -5/71 HPs)
             Began as a Minotaur Fighter on Nov 28, 2016.
             Was an Elder of Okawaru.
             Killed from afar by an orc (19 damage)
             ... with a wand of lightning
             ... on level 10 of the Dungeon.
             The game lasted 00:21:49 (4484 turns).

Jesseh the Cleaver (Minotaur Fighter)               Turns: 4484, Time: 00:21:50

Health: -5/71      AC: 14    Str: 23    XL:     9   Next: 18%
Magic:  8/8        EV: 10    Int:  6    God:    Okawaru [****..]
Gold:   121        SH: 11    Dex: 10    Spells: 0 memorised, 8 levels left

rFire  . . .     SeeInvis +     T - +3 broad axe
rCold  . . .     Gourm    .     G - +0 plate armour
rNeg   . . .     Faith    .     c - +0 shield
rPois  .         Spirit   .     (helmet restricted)
rElec  .         Reflect  .     v - +0 cloak
rCorr  .         Harm     .     (no gloves)
MR     .....                    (no boots)
Stlth  ..........               (no amulet)
                                s - +5 ring of evasion
                                K - ring of see invisible

@: about to teleport
A: retaliatory headbutt, horns 2
a: Heroism, Renounce Religion


You were on level 10 of the Dungeon.
You worshipped Okawaru.
Okawaru was greatly pleased with you.
You were not hungry.

You visited 2 branches of the dungeon, and saw 9 of its levels.
You also visited: Sewer.

You collected 311 gold pieces.
You spent 190 gold pieces at shops.

Inventory:

Hand Weapons
 k - a +1 falchion of draining
   (You found it on level 8 of the Dungeon)
 D - a +0 blowgun
   (You took it off a kobold in a sewer)
 T - a +3 broad axe (weapon)
   (You bought it in a shop on level 4 of the Dungeon)
Missiles
 E - 21 poisoned needles
 X - 8 curare-tipped needles
 Z - a throwing net
Armour
 c - a +0 shield (worn)
 v - a +0 cloak (worn)
   (You found it on level 2 of the Dungeon)
 G - a +0 plate armour (worn)
   (You found it on level 5 of the Dungeon)
Jewellery
 b - an uncursed amulet of regeneration {unknown}
   (You found it on level 8 of the Dungeon)
 s - a +5 ring of evasion (right hand)
   (You found it on level 2 of the Dungeon)
 K - a ring of see invisible (left hand)
   (You found it on level 5 of the Dungeon)
Wands
 i - a wand of lightning (4/15)
   (You found it on level 8 of the Dungeon)
 I - a wand of iceblast (6/15)
   (You found it on level 4 of the Dungeon)
 M - a wand of polymorph (7/24)
   (You found it on level 5 of the Dungeon)
Scrolls
 e - a scroll of enchant weapon
 g - 2 scrolls of magic mapping
 j - 2 scrolls of identify
 l - a scroll of enchant armour {unknown}
 n - a scroll of fog
 u - a scroll of recharging
 F - 2 scrolls of amnesia {unknown}
 O - a scroll of blinking {unknown}
 Q - 3 scrolls of remove curse
Potions
 d - a potion of might
 h - 2 potions of flight
 o - a potion of magic
 p - 3 potions of heal wounds {unknown}
 q - a potion of invisibility {unknown}
 x - a potion of cancellation {unknown}
 z - 3 potions of degeneration
 B - 2 potions of mutation {unknown}
 C - a potion of agility
 H - a potion of cure mutation {unknown}
 W - a potion of brilliance {unknown}
 Y - a potion of curing {unknown}
Books
 r - a book of Party Tricks
   (You found it on level 2 of the Dungeon)
 R - a book of Cantrips
   (You found it on level 5 of the Dungeon)
Comestibles
 a - 6 beef jerkies
 f - 6 bread rations
 t - 2 meat rations
 w - 8 chunks of flesh
 J - 3 fruits


   Skills:
 - Level 4.2 Fighting
 + Level 9.9 Axes
 + Level 7.9 Armour
 * Level 9.1 Shields


You had 8 spell levels left.
You didn't know any spells.

Dungeon Overview and Level Annotations

Branches:
Dungeon (8/15)             Temple (1/1) D:5             Orc (0/2) D:10
   Lair: D:8-11

Altars:
Ashenzari
Cheibriados
Dithmenos
Elyvilon
Fedhas
Gozag
Hepliaklqana
Kikubaaqudgha
Makhleb
Nemelex Xobeh
Okawaru
Qazlal
Ru
Sif Muna
Trog
Uskayaw
Vehumet
Xom
Yredelemnul
Zin
The Shining One

Shops:
D:4 ?[((   D:5 !   D:10 (

Portals:
Bailey: D:8


Innate Abilities, Weirdness & Mutations

You reflexively headbutt those who attack you in melee.
You have a pair of horns on your head.


Message History

No target in view!
Q - 3 scrolls of remove curse (gained 1)
You see here a robe.
An orc and an orc warrior come into view.
The orc shouts!
The orc warrior shouts!
The orc throws a tomahawk.
The tomahawk hits you but does no damage.
You see here a tomahawk.
You start waiting.
An orc warrior is nearby!
An orc warrior is nearby!
An orc warrior is nearby!
An orc warrior is nearby!
You barely miss the orc warrior. You headbutt the orc warrior!
You block the orc warrior's attack.
Your plate armour prevents you from hitting the orc warrior.
Your headbutt misses the orc warrior. You block the orc warrior's attack.
You hit the orc warrior.
You headbutt the orc warrior, but do no damage.
You block the orc warrior's attack.
You hit the orc warrior. You block the orc warrior's attack.
You hit the orc warrior but do no damage.
Your headbutt misses the orc warrior. You block the orc warrior's attack.
Your shield and plate armour prevent you from hitting the orc warrior.
The orc warrior hits you with a long sword!
You hit the orc warrior. Your headbutt misses the orc warrior.
You block the orc warrior's attack.
You slash the orc warrior!
You kill the orc warrior!
Okawaru accepts your kill.
The orc throws a tomahawk.
You block the tomahawk.
The orc throws a tomahawk.
The tomahawk hits you but does no damage.
The orc barely misses you.
Things that are here:
a long sword; a plate armour; an orc corpse Your shield and plate armour prevent you from hitting the orc.
You headbutt the orc!
You kill the orc!
Okawaru accepts your kill.
You see here an orc corpse.
Things that are here:
a long sword; a plate armour; an orc corpse You butcher the orc corpse.
w - 6 chunks of flesh (gained 4)
Things that are here:
a long sword; a plate armour; an orc skeleton You see here an orc corpse.
You butcher the orc corpse.
w - 8 chunks of flesh (gained 2)
You see here an orc skeleton.
You hear a distant blaring wail to the north.
Things that are here:
a long sword; a plate armour; an orc skeleton You see here 2 tomahawks.
Things that are here:
a long sword; a plate armour; an orc skeleton You see here a tomahawk.
Found Wuedd's Weapon Emporium.
Found a staircase to the Orcish Mines.
An orc comes into view.
The orc shouts!
The orc zaps a wand.
The bolt of lightning hits you!
It is a wand of lightning. 2 orcs and an orc warrior come into view.
The orc warrior shouts!
You block the orc's attack.
You hit the orc. You block the orc's attack. The orc closely misses you.
You closely miss the orc.
The orc warrior throws a tomahawk of returning.
You block the tomahawk of returning.
The orc zaps a wand.
The bolt of lightning hits you!
You are too injured to fight recklessly!
You are too injured to fight recklessly!
You are too injured to fight recklessly!
You are too injured to fight recklessly!
The orc warrior throws a tomahawk of returning.
You block the tomahawk of returning.
You see here a tomahawk of returning.
The orc warrior throws a tomahawk of returning.
The tomahawk of returning hits you but does no damage.
The weapon returns to the orc warrior!
The orc zaps a wand.
The bolt of lightning hits you!
* * * LOW HITPOINT WARNING * * *
You see here a tomahawk.
Things that are here:
a long sword; a plate armour; an orc skeleton
As you read the scroll of fog, it crumbles to dust.
The scroll dissolves into smoke.
You see here 2 tomahawks.
An orc comes into view. It is wielding a club.
The orc shouts!
The orc zaps a wand.
The bolt of lightning hits you!
* * * LOW HITPOINT WARNING * * *
As you read the scroll of teleportation, it crumbles to dust.
You feel strangely unstable.
The orc zaps a wand.
The bolt of lightning hits you!
You die...

..▒▒....(........▒
..▒▒▒▒▒▒▒(o..!▒..
..▒ ▒▒....▒.▒ ..▒
▒o▒▒▒▒.▒ ..▒ ▒.▒
▒.▒ ..▒ ▒#▒ ▒o▒
..▒ ▒#▒ ▒.▒ ..▒
▒#▒▒▒▒▒▒▒▒▒.▒ ..▒
▒###oo.H.(..▒ ..▒
▒#▒▒▒▒▒▒▒▒▒.▒ ..▒
▒#▒ ▒)▒ ..▒ ▒.▒
▒.▒ ..▒ ▒.▒ ▒.▒
..▒ ▒.▒ ▒.▒
..▒▒▒▒▒▒▒▒.▒ ▒..
......[....▒ ▒▒▒
▒▒▒▒▒▒▒▒▒▒▒▒


You could see 3 orcs.

Vanquished Creatures
  The ghost of Jesseh the Fighter, a novice MiFi (D:5)
  Eustachio (D:6)
  A water moccasin (D:8)
  Purgy (Sewer)
  An orc warrior (D:10)
  An ogre (D:8)
  A big kobold (D:8)
  3 bullfrogs
  A water moccasin zombie (D:8)
  A scorpion (D:4)
  2 crimson imps (D:5)
  A centaur zombie (D:6)
  4 hounds
  5 orc priests
  2 bullfrog skeletons
  An iguana (D:4)
  7 orc wizards
  3 worker ants
  A worker ant zombie (D:5)
  9 adders
  A shadow imp (D:8)
  A white imp (D:5)
  An ooze (D:5)
  4 worms
  A dart slug (D:1)
  6 leopard geckos
  12 orcs
  2 ball pythons
  11 bats
  8 giant cockroaches
  5 goblins
  6 hobgoblins
  4 jackals
  8 kobolds
  7 quokkas
  2 ball python skeletons
  4 frilled lizards
  A leopard gecko skeleton (D:5)
  A quokka zombie (D:5)
  6 rats
138 creatures vanquished.

Notes
Turn   | Place    | Note
-------+----------+-------------------------------------------
     0 | D:1      | Jesseh the Minotaur Fighter began the quest for the Orb.
     0 | D:1      | Reached XP level 1. HP: 19/19 MP: 0/0
   172 | D:1      | Reached skill level 3 in Axes
   219 | D:1      | Reached XP level 2. HP: 23/27 MP: 1/1
   776 | D:2      | Found a glowing silver altar of Zin.
   779 | D:2      | Found an iron altar of Okawaru.
   783 | D:2      | Became a worshipper of Warmaster Okawaru
   787 | D:2      | Found a deep blue altar of Sif Muna.
   819 | D:2      | Reached skill level 4 in Fighting
   830 | D:2      | Reached XP level 3. HP: 33/33 MP: 2/2
   902 | D:2      | Found an ancient bone altar of Kikubaaqudgha.
   905 | D:2      | Reached skill level 4 in Axes
   946 | D:2      | Found a blossoming altar of Fedhas.
  1197 | D:3      | Reached XP level 4. HP: 29/40 MP: 3/3
  1314 | D:3      | Reached skill level 4 in Shields
  1336 | D:3      | Reached skill level 4 in Armour
  1367 | D:3      | Reached skill level 5 in Axes
  1375 | D:3      | Reached XP level 5. HP: 40/46 MP: 4/4
  1503 | D:3      | Reached * piety under Okawaru
  1739 | D:4      | Found Fowuequs's Magic Scroll Shoppe.
  1796 | D:4      | Found a glowing drain.
  1824 | Sewer    | Entered a sewer
  1918 | Sewer    | Noticed Purgy
  1934 | Sewer    | Killed Purgy
  1934 | Sewer    | Reached skill level 6 in Axes
  1934 | Sewer    | Reached XP level 6. HP: 25/52 MP: 5/5
  2169 | D:4      | Reached skill level 5 in Shields
  2175 | D:4      | Got a scorched short sword
  2227 | D:4      | Found a faded altar of an unknown god.
  2227 | D:4      | Found a faded altar of an unknown god.
  2233 | D:4      | Found a hide-covered altar of Uskayaw.
  2235 | D:4      | Found a faded altar of an unknown god.
  2236 | D:4      | Found a faded altar of an unknown god.
  2283 | D:4      | Found Qoax's Antique Weapon Shoppe.
  2311 | D:4      | Found Nuppu's Antique Weapon Boutique.
  2345 | D:4      | Reached skill level 5 in Armour
  2350 | D:4      | Reached ** piety under Okawaru
  2350 | D:4      | Reached skill level 7 in Axes
  2350 | D:4      | Reached XP level 7. HP: 55/59 MP: 6/6
  2596 | D:4      | Found Sacerr's Armour Boutique.
  2702 | D:5      | Entered Level 5 of the Dungeon
  2832 | D:5      | Noticed Jesseh's ghost (novice MiFi)
  2904 | D:5      | Killed Jesseh's ghost
  2904 | D:5      | Reached *** piety under Okawaru
  2904 | D:5      | Reached skill level 8 in Axes
  2904 | D:5      | Reached skill level 6 in Armour
  2904 | D:5      | Reached skill level 6 in Shields
  2904 | D:5      | Reached XP level 8. HP: 50/66 MP: 7/7
  2939 | D:5      | Found Geuphous's Distillery.
  2948 | D:5      | Found a staircase to the Ecumenical Temple.
  2965 | Temple   | Entered the Ecumenical Temple
  3217 | D:5      | Reached skill level 9 in Axes
  3483 | D:5      | Reached skill level 7 in Shields
  3652 | D:4      | Bought a runed broad axe for 190 gold pieces
  3692 | D:6      | Reached skill level 7 in Armour
  3727 | D:6      | Reached **** piety under Okawaru
  3790 | D:6      | Noticed Eustachio
  3805 | D:6      | Killed Eustachio
  3805 | D:6      | Reached skill level 8 in Shields
  3858 | D:6      | You fall through a shaft for 2 floors!
  3996 | D:8      | Reached XP level 9. HP: 71/71 MP: 8/8
  4193 | D:8      | Found a flagged portal.
  4356 | D:8      | Reached skill level 9 in Shields
  4366 | D:8      | You fall through a shaft for 2 floors!
  4366 | D:10     | Entered Level 10 of the Dungeon
  4463 | D:10     | Found Wuedd's Weapon Emporium.
  4463 | D:10     | Found a staircase to the Orcish Mines.
  4481 | D:10     | HP: 14/71 [orc/wand of lightning (7)]
  4484 | D:10     | Killed from afar by an orc

Skill      XL: |  1  2  3  4  5  6  7  8  9 |
---------------+----------------------------+-----
Axes           | 3 4 5 6 7 8 9 |  9.9
Fighting       | 4 |  4.2
Shields        | 4 5 6 8 9 |  9.1
Armour         | 4 5 6 7 |  7.9

Action                   |  1- 3 |  4- 6 |  7- 9 || total
-------------------------+-------+-------+-------++-------
Melee: War axe           |    76 |       |       ||    76
       Headbutt          |    14 |    19 |    28 ||    61
       Hand axe          |    20 |   128 |   103 ||   251
       Broad axe         |       |       |    70 ||    70
  Use: Scroll            |       |     9 |     4 ||    13
  Eat: Chunk             |     1 |     4 |     5 ||    10
       Pizza             |       |       |     1 ||     1
Armor: Scale mail        |    30 |    45 |       ||    75
       Plate armour      |       |       |    46 ||    46
Dodge: Dodged            |    27 |    54 |    35 ||   116
Block: Shield            |    53 |    81 |    93 ||   227

Vault maps used:
D:1:      saegor_arrival_simple_b
D:2:      fedhas_altar_3, overflow_temple_1_default,
          grunt_temple_overflow_diamond, hangedman_decor_growths
D:4:      lemuel_upstairs_altar, chequers_temple_overflow_minitemple,
          serial_shops, shop_fountains, shop, kennysheep_mini, shop,
          first_bread, portal_sewer_entry_f, uniq_pikel
D:5:      serial_shops, shop, grunt_decor_cap, kennysheep_minor_cross,
          minmay_fire_ice_demons
D:6:      hangedman_minor_gate_pass, uniq_eustachio
D:8:      enter_bailey_8, grunt_ogre_cave
D:10:     orc_david_3, serial_co_window_serial, co_window_paths_b,
          co_window_cross_1, co_window_cross_1, co_window_paths_a,
          co_window_paths_b, co_window_cross_2, co_window_corner_ca,
          co_window_broadway_c, co_window_broadway_a, glass_columns_a,
          glass_columns_b, onia_ninara_dug_in_and_dangerous
Temple:   nicolae_temple_no_exploring_needed
Sewer:    kennysheep_door_sewer

Table legend:
 A = Turns spent in this place as a percentage of turns spent in the entire game.
 B = Non-inter-level travel turns spent in this place as a percentage of non-inter-level travel turns spent in the entire game.
 C = Inter-level travel turns spent in this place as a percentage of turns spent in this place.
 D = Turns resting spent in this place as a percentage of non-inter-level travel turns spent in this place.
 E = Turns spent auto-exploring this place as a percentage of non-inter-level travel turns spent in this place.
 F = Non-inter-level travel turns spent in this place divided by the number of levels of this place that you've seen.
                   A       B       C       D       E      F
               +-------+-------+-------+-------+-------+----------------------
         Total | 100.0 | 100.0 |   0.4 |   0.5 |  14.6 | 138.3
       Dungeon |  94.3 |  94.3 |   0.5 |   0.4 |  14.3 | 163.0
        Temple |   0.2 |   0.2 |   0.0 |   0.0 |  33.3 |   3.0
         Sewer |   5.5 |   5.5 |   0.0 |   2.6 |  18.4 |  76.0
               +-------+-------+-------+-------+-------+----------------------

Table legend:
 A = Kills in this place as a percentage of kills in entire the game.
 B = Kills by you in this place as a percentage of kills by you in the entire game.
 C = Kills by friends in this place as a percentage of kills by friends in the entire game.
 D = Other kills in this place as a percentage of other kills in the entire game.
 E = Experience gained in this place as a percentage of experience gained in the entire game.
 F = Experience gained in this place divided by the number of levels of this place that you have seen.
                   A       B       C       D       E      F
               +-------+-------+-------+-------+-------+----------------------
         Total | 100.0 | 100.0 |  -nan |  -nan | 100.0 | 331.4
       Dungeon |  95.7 |  95.7 |  -nan |  -nan |  95.5 | 395.6
         Sewer |   4.3 |   4.3 |  -nan |  -nan |   4.5 | 149.0
               +-------+-------+-------+-------+-------+----------------------
